 Dungeon Crawl Stone Soup version 0.31-a0-978-g1e143483b6 (webtiles) character file.

Game seed: 9734510116298150321

51 sammy202020 the Ruffian (level 3, 0/33 HPs)
             Began as a Troll Shapeshifter on Oct 30, 2023.
             Slain by a goblin
             ... wielding a +0 club
             ... led by Robin
              (4 damage)
             ... on level 2 of the Dungeon.
             The game lasted 00:01:41 (791 turns).

sammy202020 the Ruffian (Troll Shapeshifter)         Turns: 791, Time: 00:01:42

Health: 0/33       AC:  4    Str: 22    XL:     3   Next: 57%
Magic:  2/2        EV: 10    Int:  8    God:
Gold:   68         SH:  0    Dex:  9    Spells: 2/2 levels left

rFire   . .          .
                       - Unarmed
rCold   . . .        (no shield)
rNeg    + . .        a - +0 animal skin
rPois   .            (helmet currently unavailable)
rElec   .            (cloak currently unavailable)
rCorr   .            (gloves unavailable)
SInv    .            (boots unavailable)
Will    .....        (no amulet)
Stlth   +            f - ring of positive energy
HPRegen 1.05/turn    (no ring)
MPRegen 0.08/turn

%: no passive effects
@: beast-form
A: beast (slay +1), large, unfitting armour, claws 3, regeneration 1, shaggy fur
1, tough skin 1
a: Begin Untransformation


You were on level 2 of the Dungeon.
You were a hulking beast.
You visited 1 branch of the dungeon, and saw 2 of its levels.

You collected 68 gold pieces.

Inventory:

Armour
 a - a +0 animal skin (worn)
Jewellery
 f - a ring of positive energy (left claw)
Talismans
 c - a beast talisman (active)
 d - a flux talisman
Potions
 b - a potion of lignification
 e - a potion of brilliance {unknown}
 g - a potion of cancellation
 h - 2 potions of curing {unknown}


   Skills:
 * Level 1.6 Fighting
 + Level 0.3 Armour
 * Level 2.1 Dodging
 * Level 3.4 Unarmed Combat
 + Level 3.1 Shapeshifting


You had 2 spell levels left.
You didn't know any spells.
Your spell library was empty.

Dungeon Overview and Level Annotations

Branches:
Dungeon (2/15)

Altars:

Shops:
D:1 !

Annotations:
D:2 Robin


Innate Abilities, Weirdness & Mutations

You are a hulking beast.
Your limbs bulge with bestial killing power. (Slay +1)
You are too large for most types of armour.
You have claws for hands.
Your natural rate of healing is unusually fast.
You are covered in fur. (AC +1)
You have tough skin. (AC +1)


Message History

You barely miss the goblin.
The goblin shouts!
A nearby plant withers and dies.
Robin throws the goblin at you! The goblin closely misses you. x2
You barely miss the goblin.
A nearby plant withers and dies.
Robin throws the goblin at you! The goblin closely misses you.
The goblin misses you. The goblin hits you with a +0 dagger.
The goblin hits the plant with a +0 club!
The goblin splashes around in the water.
You scratch the goblin.
You kill the goblin!
The goblin closely misses you. The goblin hits you with a +0 club.
The goblin hits the plant with a +0 club.
You hear a splashing noise.
You claw the goblin!
You kill the goblin!
A nearby plant withers and dies.
The goblin barely misses you.
The endoplasm hits you but does no damage.
You completely miss the hobgoblin. The goblin hits you with a +0 club.
The hobgoblin hits you.
The endoplasm hits you but does no damage.
The hobgoblin hits the plant!
The plant begins to die.
You scratch the hobgoblin.
You kill the hobgoblin!
The endoplasm freezes you.
You are frozen.
The goblin hits you with a +0 club.
* * * LOW HITPOINT WARNING * * *
You claw the endoplasm!
You kill the endoplasm!
The goblin closely misses you.
The goblin hits the plant with a +0 club.
The hobgoblin hits you.
* * * LOW HITPOINT WARNING * * *
Robin throws the goblin at you!
* * * LOW HITPOINT WARNING * * *
The hobgoblin hits the plant.
You barely miss the goblin. The goblin hits you with a +0 dagger.
* * * LOW HITPOINT WARNING * * *
The goblin hits you with a +0 club.
You die...

#.#.# .... ...# ##...###
### #...P..?P P.#. ##
#ggg.~≈.. .....##.
#Pg♣g~≈~P ........ . #
##hP≈g≈~~~.........
#.#.###gPg~~~≈≈~≈.P......
#........g~~~~≈≈~.....#.)
........P~~≈≈≈≈≈~≈♣......
#....<....≈≈≈~≈~~~~..#.#.
..#.####...≈≈~~.P.♣..#.#.
. #. ##...~≈~.PP........
# #.P..P~~.......#.#.
#..P.P..P.P.. #.#.


You could see Robin, 3 hobgoblins and 5 goblins.

Vanquished Creatures
  3 ball pythons (D:1)
  4 endoplasms
  2 giant cockroaches (D:1)
  6 goblins
  3 hobgoblins
  8 jackals
  A quokka (D:2)
  4 bats
  3 frilled lizards (D:1)
  5 kobolds
  3 rats (D:1)
42 creatures vanquished.

Notes
Turn   | Place    | Note
-------+----------+-------------------------------------------
     0 | D:1      | sammy202020 the Troll Shapeshifter began the quest for the
                  | Orb.
     0 | D:1      | Reached XP level 1. HP: 18/18 MP: 0/0
   142 | D:1      | Reached skill level 1 in Fighting
   145 | D:1      | Reached XP level 2. HP: 27/27 MP: 1/1
   175 | D:1      | Found Onugare's Distillery.
   467 | D:1      | Reached XP level 3. HP: 32/33 MP: 2/2
   779 | D:2      | Noticed Robin
   791 | D:2      | Slain by a goblin

Illustrated notes

Levels and vault maps discovered:
D:1:      saegor_arrival_fortress, layout_basic, serial_shops, shop
D:2:      layout_loops_cross, shapermc_ecumenical_altar_petra, hex_large,
          supply_closet_lemuel, guppyfry_early_lair_pool, uniq_robin,
          uniq_terence

Skill      XL: |  1  2 |
---------------+-------+-----
Fighting       | 1 |  1.6
Dodging        | 2 |  2.1
Armour         | |  0.3
Unarmed Combat | |  3.4
Shapeshifting  | |  3.1

Action                     || total
---------------------------++-------
  Melee: Unarmed           ||    98
         Punch             ||     1
    Use: Scroll            ||     2
   Stab: Sleeping          ||     2
 Armour: Animal skin       ||    80
  Dodge: Dodged            ||    58
   Form: Beast             ||     1

Table legend: (Time is in decaauts)
 A = Elapsed time spent in this place.
 B = Non-inter-level travel time spent in this place.
 C = Inter-level travel time spent in this place.
 D = Time resting spent in this place.
 E = Time spent auto-exploring this place.
 F = Levels seen in this place.
 G = Mean time per level.
                   A        B        C        D        E       F      G
               +--------+--------+--------+--------+--------+-----+--------+
         Total |    785 |    785 |      0 |      0 |    576 |   2 |  392.5 |
       Dungeon |    785 |    785 |      0 |      0 |    576 |   2 |  392.5 |
               +--------+--------+--------+--------+--------+-----+--------+

Top non-repeatable levels by time:
     D:1: 652 daAuts
     D:2: 133 daAuts
